 Dungeon Crawl Stone Soup version 0.31-a0-185-g9dded2c639 (webtiles) character file.

Game seed: 7159947464849159620

108 qw the Skirmisher (level 4, 0/23 (25) HPs)
             Began as a Deep Elf Hunter on June 22, 2023.
             Slain by a wight
             ... wielding a +1 scimitar
              (1 damage)
             ... on level 3 of the Dungeon.
             The game lasted 00:00:58 (2549 turns).

qw the Skirmisher (Deep Elf Hunter)                 Turns: 2549, Time: 00:00:59

HP:   0/23 (25)     AC:  6    Str:  8    XL:     4   Next: 58%
MP:   15/15         EV: 10    Int: 21    God:
Gold: 239           SH:  5    Dex: 18    Spells: 3/3 levels left

rFire   . . .        Y - +4 shortbow
rCold   . . .        (shield currently unavailable)
rNeg    . . .        h - +0 ring mail
rPois   .            (no helmet)
rElec   .            (no cloak)
rCorr   +            k - +0 pair of gloves
SInv    +            (no boots)
Will    .....        l - amulet of reflection
Stlth   +            j - ring of see invisible
HPRegen 0.23/turn    d - ring of Lof Wiud {rCorr MP+9 Str-2 Int+7}
MPRegen 0.14/turn

%: reflection
@: about to teleport, weak-willed, drained
A: no striking features
a: no special abilities


You were on level 3 of the Dungeon.
You visited 1 branch of the dungeon, and saw 4 of its levels.

You collected 239 gold pieces.


   Skills:
 - Level 1.5 Fighting
 + Level 8.0 Ranged Weapons
 - Level 2.4 Dodging
 - Level 1.2 Stealth


You had 3 spell levels left.
You didn't know any spells.
Your spell library was empty.

Inventory:

Hand Weapons
 Y - a +4 shortbow (weapon)
Armour
 h - a +0 ring mail (worn)
 k - a +0 pair of gloves (worn)
Jewellery
 d - the ring of Lof Wiud (right hand) {rCorr MP+9 Str-2 Int+7}
   (You found it on level 2 of the Dungeon)

   [ring of magical power]

   Str:       It affects your strength (-2).
   Int:       It affects your intelligence (+7).
   MP:        It affects your magic capacity (+9).
   rCorr:     It protects you from acid and corrosion.
 j - a ring of see invisible (left hand)
 l - an amulet of reflection (around neck)
Scrolls
 b - a scroll of identify
Potions
 e - a potion of curing {unknown}
 f - 2 potions of heal wounds

Dungeon Overview and Level Annotations

Branches:
Dungeon (4/15)
 Temple: D:4-7

Altars:
Ashenzari
Elyvilon
Gozag

Annotations:
D:3 1 runed translucent door, qw's ghost, amateur DEHu


Message History

Could not explore, unopened runed door.
2534 ||| DROPPING potion of degeneration.
You drop a potion of degeneration.
Could not explore, unopened runed door.
(D) Dungeon
Where to? (* - list waypoints, Enter - D:3, ? - help)
What level of the Dungeon? (default 1, ? - help)
There is a stone staircase leading down here.
You climb downwards.
There is a stone staircase leading up here.
There are monsters nearby!
Waypoint 3 assigned to D:4.
You shoot an arrow.
The arrow hits the wight but does no damage.
The wight hits you with a +0 great sword.
You feel drained.
You shoot an arrow. The arrow barely misses the wight.
The arrow closely misses the wight.
You shoot an arrow. The arrow hits the wight.
The wight is moderately damaged.
You shoot an arrow. The arrow closely misses the wight.
The arrow hits the wight but does no damage.
The wight hits you with a +1 scimitar.
2545 ||| STAIRDANCE You block the wight's attack.
You climb upwards.
Level annotation: 1 runed translucent door, qw's ghost, amateur DEHu
There is a stone staircase leading down here.
You shoot an arrow. The arrow hits the wight.
The wight is heavily damaged.
You block the wight's attack.
You shoot an arrow. The arrow hits the wight.
The wight is almost destroyed.
The wight misses you. The wight hits you with a +1 scimitar!
Ouch! That really hurt!
You feel drained.
2549 ||| READING scroll of teleportation.
As you read the scroll of teleportation, it crumbles to dust.
You feel strangely unstable. The wight hits you with a +1 scimitar.
You die...

......................#
......................#
......................#
......................#
......................#
......................###
......................###
......................###
................@z......#
.................(....#.#
..................#####.#
..................#W¤¤#.#
.................!+¤¤¤#.#
..................#¤¤¤#.#
.....)............#####.#
......................#.#
......................#.#


You could see a wight.

Vanquished Creatures
  Terence (D:2)
  A gnoll (D:1)
  A worm (D:2)
  2 dart slugs
  An orc (D:3)
  8 bats
  10 endoplasms
  2 giant cockroaches
  6 goblins
  7 hobgoblins
  A quokka (D:3)
  8 ball pythons
  5 frilled lizards
  7 kobolds
  5 rats
65 creatures vanquished.

Notes
Turn   | Place    | Note
-------+----------+-------------------------------------------
     0 | D:1      | qw the Deep Elf Hunter began the quest for the Orb.
     0 | D:1      | Reached XP level 1. HP: 12/12 MP: 3/3
     0 | D:1      | 0 ||| qw: Version: 0.3-a-9-g12657ce
     0 | D:1      | 0 ||| qw: Game counter: 1910
     0 | D:1      | 0 ||| qw: Always use a shield: true
     0 | D:1      | 0 ||| qw: God list: Okawaru
     0 | D:1      | 0 ||| qw: Allow faded altars: false
     0 | D:1      | 0 ||| qw: Do Orc after D:15 true
     0 | D:1      | 0 ||| qw: Do second Lair branch before Depths: true
     0 | D:1      | 0 ||| qw: Lair rune preference: random
     0 | D:1      | 0 ||| qw: Plans: Normal
     0 | D:1      | 0 ||| PLANNING D:1-11
   198 | D:1      | Reached skill level 6 in Ranged Weapons
   198 | D:1      | Reached XP level 2. HP: 16/16 MP: 4/4
   321 | D:1      | Reached XP level 3. HP: 13/20 MP: 5/5
   807 | D:1      | Reached skill level 7 in Ranged Weapons
   821 | D:1      | You fall into a shaft and drop 1 floor!
   854 | D:2      | 854 ||| UPGRADING to +0 ring mail.
   864 | D:2      | 864 ||| DROPPING +0 leather armour.
   865 | D:2      | 865 ||| UPGRADING to +0 pair of gloves.
   870 | D:2      | 870 ||| DROPPING amulet of magic regeneration.
   871 | D:2      | 871 ||| UPGRADING to amulet of reflection.
   876 | D:2      | 876 ||| UPGRADING to ring of see invisible.
   877 | D:2      | 877 ||| READING scroll labelled JACOSCH BICA.
   878 | D:2      | 878 ||| READING scroll labelled UWIXZU QUX ETZ.
   879 | D:2      | 879 ||| READING scroll labelled DAOCOUPIRE.
   880 | D:2      | 880 ||| READING scroll labelled ICOCUL FUIQE.
   883 | D:2      | 883 ||| DROPPING scroll of butterflies.
  1191 | D:1      | 1191 ||| DRINKING 2 grey potions.
  1192 | D:1      | 1192 ||| DROPPING potion of attraction.
  1482 | D:2      | Noticed Terence
  1490 | D:2      | Killed Terence
  1491 | D:2      | Reached XP level 4. HP: 10/25 MP: 6/6
  1560 | D:2      | Found an opulent altar of Gozag.
  1565 | D:2      | Identified the ring of Lof Wiud {rCorr MP+9 Str-2 Int+7}
  1864 | D:2      | 1864 ||| UPGRADING to ring of Lof Wiud {rCorr MP+9 Str-2
                  | Int+7}.
  1929 | D:2      | 1929 ||| READING scroll labelled EFFOEN UFREMM.
  1930 | D:2      | 1930 ||| READING scroll labelled NOSOEM JIUCS.
  2132 | D:3      | Found a runed translucent door.
  2138 | D:3      | Noticed qw's ghost (amateur DEHu)
  2206 | D:3      | 2206 ||| READING 3 scrolls of enchant weapon.
  2206 | D:3      | 2206 ||| ENCHANTING +1 shortbow.
  2207 | D:3      | 2207 ||| READING 2 scrolls of enchant weapon.
  2207 | D:3      | 2207 ||| ENCHANTING +2 shortbow.
  2208 | D:3      | 2208 ||| READING scroll of enchant weapon.
  2208 | D:3      | 2208 ||| ENCHANTING +3 shortbow.
  2240 | D:3      | Reached skill level 8 in Ranged Weapons
  2244 | D:3      | Found a broken altar of Ashenzari.
  2244 | D:3      | Found a white marble altar of Elyvilon.
  2527 | D:3      | 2527 ||| READING scroll labelled UVOTWU YRUAN.
  2528 | D:3      | 2528 ||| READING scroll labelled FUPIGATHR YKHUIZI.
  2529 | D:3      | 2529 ||| READING scroll labelled HOAGAVV QOUMUPN.
  2530 | D:3      | 2530 ||| DRINKING 3 glowing golden potions.
  2531 | D:3      | 2531 ||| READING 3 scrolls of identify.
  2531 | D:3      | 2531 ||| IDENTIFYING sedimented grey potion
  2532 | D:3      | 2532 ||| READING 2 scrolls of identify.
  2532 | D:3      | 2532 ||| IDENTIFYING purple potion
  2533 | D:3      | 2533 ||| DROPPING potion of invisibility.
  2534 | D:3      | 2534 ||| DROPPING potion of degeneration.
  2545 | D:4      | 2545 ||| STAIRDANCE
  2548 | D:3      | HP: 1/23 [wight/+1 scimitar (6)]
  2549 | D:3      | 2549 ||| READING scroll of teleportation.
  2549 | D:3      | Slain by a wight

Levels and vault maps discovered:
D:1:      pf_arrival_petrified_forest, layout_basic
D:2:      layout_loops_cross, basic_altar, uniq_terence
D:3:      layout_basic, mainiacjoe_overflow_large_starburst,
          ebering_ghost_inner_flame
D:4:      layout_basic, tso_altar, hangedman_decor_opposing

Skill      XL: |  1  2  3  4 |
---------------+-------------+-----
Ranged Weapons | 6 7 8 |  8.0
Fighting       | |  1.5
Dodging        | |  2.4
Stealth        | |  1.2

Action                     |  1- 3 |  4- 6 || total
---------------------------+-------+-------++-------
   Fire: Shortbow          |   132 |    57 ||   189
    Use: Scroll            |     4 |    11 ||    15
         Potion            |     1 |     1 ||     2
 Armour: Leather armour    |     7 |       ||     7
         Ring mail         |     3 |     1 ||     4
  Dodge: Dodged            |    33 |     3 ||    36
  Block: Other             |     2 |     4 ||     6
         Reflection        |       |     1 ||     1

Table legend:
 A = Non-vault XP
 B = Vault XP
 C = Vault XP percentage of total XP
 D = Non-vault monster count
 E = Vault monster count
 F = Vault count percentage of total count
                 A         B        C        D         E       F
            +---------+---------+-------+---------+---------+-------
      Total |     125 |      30 |  19.4 |      64 |       1 |   1.5
            +---------+---------+-------+---------+---------+-------
        D:1 |      67 |       0 |   0.0 |      31 |       0 |   0.0
        D:2 |      35 |      30 |  46.2 |      19 |       1 |   5.0
        D:3 |      23 |       0 |   0.0 |      14 |       0 |   0.0
            +---------+---------+-------+---------+---------+-------
